[ AOE2 MATCH · #506207261 ]
UnrankedSpanish vs Teutons
Player's team · LOSS
Rival team · WIN
[ REPLAY ANALYSIS · EXTRACTED FROM THE RECORDED GAME ]
Feudal
12:17
Castle
—
Imperial
—
| APM avg | 59.4 |
| APM peak | 112 |
| eAPM avg | 32.7 |
| Villagers / military | 61 / 3 |
Focus
⚔️ 24.9% · 🌾 75.1%
Militia ×3
Feudal
9:00
Castle
—
Imperial
—
| APM avg | 39.8 |
| APM peak | 63 |
| eAPM avg | 24.9 |
| Villagers / military | 55 / 0 |
Focus
⚔️ 41.6% · 🌾 58.4%
Match map
Initial resources + every placement click. Lines = walls · curves = elevation contours. ◆ gold · ⬟ stone · ● berries · ✦ relic · ◌ wall gap
Your base· Open — 9t gap
Markof's base· Open — unwalled flank
Smoothed initial terrain · ◌ = detected wall gap · hover for details
Inputs per minute
— dlms9 - - Markof
Build order — dlms9
133 actions detected in the replay
| 0:00 | Queue | Villager (Male) |
| 0:00 | Queue | Villager (Male) |
| 0:01 | Build | House |
| 0:03 | Build | House |
| 0:06 | Queue | Villager (Male) |
| 0:06 | Queue | Villager (Male) |
| 0:06 | Queue | Villager (Male) |
| 1:28 | Queue | Villager (Male) |
| 1:29 | Queue | Villager (Male) |
| 1:52 | Build | Lumber Camp |
| 2:02 | Queue | Villager (Male) |
| 2:02 | Queue | Villager (Male) |
| 2:20 | Queue | Villager (Male) |
| 2:20 | Queue | Villager (Male) |
| 2:51 | Queue | Villager (Male) |
| 2:52 | Queue | Villager (Male) |
| 3:03 | Queue | Villager (Male) |
| 3:03 | Queue | Villager (Male) |
| 3:34 | Build | House |
| 3:51 | Queue | Villager (Male) |
| 4:00 | Queue | Villager (Male) |
| 4:01 | Queue | Villager (Male) |
| 4:30 | Build | Barracks |
| 4:38 | Queue | Villager (Male) |
| 4:38 | Queue | Villager (Male) |
| 4:59 | Build | House |
| 5:02 | Queue | Villager (Male) |
| 5:02 | Queue | Villager (Male) |
| 5:02 | Queue | Villager (Male) |
| 5:14 | Queue | Militia |
| 5:14 | Queue | Militia |
| 5:38 | Queue | Militia |
| 5:39 | Queue | Villager (Male) |
| 6:05 | Build | Mill |
| 6:08 | Queue | Villager (Male) |
| 6:52 | Queue | Villager (Male) |
| 6:52 | Queue | Villager (Male) |
| 7:09 | Queue | Villager (Male) |
| 7:12 | Build | House |
| 7:13 | Build | Palisade Wall |
| 7:17 | Build | Palisade Wall |
| 7:22 | Queue | Villager (Male) |
| 7:22 | Queue | Villager (Male) |
| 7:53 | Research | Loom |
| 8:03 | Build | Mill |
| 8:10 | Build | Palisade Wall |
| 8:11 | Build | Palisade Wall |
| 8:17 | Build | Palisade Wall |
| 8:28 | Queue | Villager (Male) |
| 8:51 | Build | House |
| 9:00 | Build | House |
| 9:21 | Queue | Villager (Male) |
| 9:22 | Research | Loom |
| 9:50 | Build | House |
| 10:07 | Research | Feudal Age |
| 10:21 | Build | House |
| 10:45 | Build | House |
| 10:48 | Build | Palisade Wall |
| 10:50 | Queue | Villager (Male) |
| 11:12 | Build | Palisade Wall |
| 11:22 | Build | Mining Camp |
| 11:23 | Queue | Villager (Male) |
| 11:33 | Build | Mining Camp |
| 11:35 | Queue | Villager (Male) |
| 12:02 | Build | Palisade Wall |
| 12:05 | Build | Palisade Wall |
| 12:06 | Build | Palisade Wall |
| 12:17 | Age | Feudal Age |
| 12:19 | Research | Double-Bit Axe |
| 12:19 | Research | Horse Collar |
| 12:20 | Research | Horse Collar |
| 12:35 | Build | Stone Wall |
| 12:41 | Build | Stone Wall |
| 12:41 | Build | Stone Wall |
| 12:43 | Queue | Villager (Male) |
| 12:53 | Build | Stone Wall |
| 12:55 | Queue | Villager (Male) |
| 13:06 | Queue | Villager (Male) |
| 13:09 | Build | Farm |
| 13:12 | Build | Farm |
| 13:44 | Queue | Villager (Male) |
| 13:52 | Build | Blacksmith |
| 13:58 | Build | House |
| 14:10 | Build | House |
| 14:12 | Build | Palisade Wall |
| 14:13 | Build | Palisade Wall |
| 14:22 | Build | Watch Tower |
| 14:26 | Queue | Villager (Male) |
| 14:26 | Queue | Villager (Male) |
| 14:58 | Build | Palisade Wall |
| 15:04 | Build | Farm |
| 15:19 | Build | Farm |
| 15:25 | Queue | Villager (Male) |
| 15:26 | Queue | Villager (Male) |
| 15:41 | Build | Farm |
| 15:56 | Build | Farm |
| 16:17 | Build | Farm |
| 16:25 | Queue | Villager (Male) |
| 16:38 | Build | Watch Tower |
| 16:54 | Build | Farm |
| 17:08 | Queue | Villager (Male) |
| 17:30 | Build | Farm |
| 17:54 | Queue | Villager (Male) |
| 18:25 | Research | Fletching |
| 18:25 | Research | Fletching |
| 18:48 | Queue | Villager (Male) |
| 19:44 | Queue | Villager (Male) |
| 19:44 | Queue | Villager (Male) |
| 19:44 | Queue | Villager (Male) |
| 19:55 | Build | Mining Camp |
| 19:57 | Build | Farm |
| 19:59 | Queue | Villager (Male) |
| 20:21 | Queue | Villager (Male) |
| 20:25 | Research | Town Watch |
| 20:25 | Research | Town Watch |
| 20:28 | Queue | Villager (Male) |
| 20:28 | Queue | Villager (Male) |
| 20:32 | Build | Watch Tower |
| 20:54 | Build | Watch Tower |
| 21:00 | Build | Farm |
| 21:01 | Build | Farm |
| 21:02 | Build | Farm |
| 21:14 | Queue | Villager (Male) |
| 21:27 | Queue | Villager (Male) |
| 21:27 | Queue | Villager (Male) |
| 21:31 | Build | Farm |
| 21:32 | Build | Farm |
| 22:11 | Queue | Villager (Male) |
| 22:11 | Queue | Villager (Male) |
| 22:11 | Queue | Villager (Male) |
| 22:16 | Build | Farm |
| 22:18 | Build | Farm |
| 22:39 | Queue | Villager (Male) |
Build order — Markof
120 actions detected in the replay
| 0:01 | Queue | Villager (Male) ×4 |
| 0:02 | Build | House |
| 0:03 | Build | House |
| 1:36 | Queue | Villager (Male) |
| 1:58 | Queue | Villager (Male) |
| 2:04 | Build | Lumber Camp |
| 2:22 | Queue | Villager (Male) |
| 2:43 | Queue | Villager (Male) |
| 3:07 | Build | House |
| 3:07 | Queue | Villager (Male) |
| 3:39 | Queue | Villager (Male) |
| 3:50 | Queue | Villager (Male) |
| 4:26 | Queue | Villager (Male) |
| 4:38 | Queue | Villager (Male) |
| 4:47 | Build | Mill |
| 4:56 | Queue | Villager (Male) |
| 5:02 | Queue | Villager (Male) |
| 6:09 | Research | Loom |
| 6:11 | Queue | Villager (Male) |
| 6:21 | Build | House |
| 6:50 | Research | Feudal Age |
| 7:31 | Build | Palisade Wall |
| 7:32 | Build | Palisade Wall |
| 7:35 | Build | Palisade Wall |
| 7:37 | Build | Palisade Wall |
| 7:39 | Build | Palisade Wall |
| 7:40 | Build | Palisade Wall |
| 7:41 | Build | Palisade Wall |
| 8:01 | Build | Palisade Wall |
| 8:15 | Queue | Villager (Male) |
| 8:36 | Queue | Villager (Male) |
| 9:00 | Age | Feudal Age |
| 9:05 | Build | Watch Tower |
| 9:10 | Queue | Villager (Male) |
| 9:41 | Queue | Villager (Male) |
| 9:45 | Build | Mining Camp |
| 10:02 | Queue | Villager (Male) |
| 10:21 | Build | House |
| 10:23 | Build | Stone Wall |
| 10:25 | Build | Stone Wall |
| 10:27 | Build | Palisade Wall |
| 10:31 | Queue | Villager (Male) |
| 10:38 | Queue | Villager (Male) |
| 10:40 | Build | Mill |
| 11:11 | Build | Palisade Wall |
| 11:14 | Build | Palisade Wall |
| 11:16 | Build | Palisade Wall |
| 11:19 | Queue | Villager (Male) |
| 11:26 | Build | Watch Tower |
| 11:35 | Build | Farm |
| 12:11 | Queue | Villager (Male) |
| 12:13 | Build | Farm |
| 12:19 | Build | House |
| 12:25 | Queue | Villager (Male) |
| 12:37 | Build | Farm |
| 12:38 | Queue | Villager (Male) |
| 12:53 | Build | Watch Tower |
| 12:59 | Build | Farm |
| 13:15 | Build | Farm |
| 13:19 | Research | Double-Bit Axe |
| 13:29 | Build | Outpost |
| 13:48 | Queue | Villager (Male) |
| 14:10 | Build | Watch Tower |
| 14:20 | Build | Watch Tower |
| 14:24 | Queue | Villager (Male) |
| 14:27 | Build | Farm |
| 14:28 | Queue | Villager (Male) |
| 14:38 | Build | Farm |
| 14:39 | Queue | Villager (Male) |
| 14:41 | Build | House |
| 14:47 | Build | House |
| 14:58 | Queue | Villager (Male) |
| 15:12 | Build | Farm |
| 15:12 | Queue | Villager (Male) |
| 15:23 | Queue | Villager (Male) |
| 15:29 | Queue | Villager (Male) |
| 16:07 | Queue | Villager (Male) |
| 16:12 | Build | Blacksmith |
| 16:32 | Build | Outpost |
| 16:33 | Research | Town Watch |
| 16:51 | Build | Watch Tower |
| 16:53 | Queue | Villager (Male) |
| 16:59 | Queue | Villager (Male) |
| 17:05 | Research | Fletching |
| 17:12 | Build | Palisade Wall |
| 17:13 | Build | Palisade Wall |
| 17:14 | Build | Palisade Wall |
| 17:16 | Build | Palisade Wall |
| 17:19 | Build | Palisade Wall |
| 17:29 | Queue | Villager (Male) |
| 17:52 | Queue | Villager (Male) |
| 18:05 | Queue | Villager (Male) |
| 18:06 | Build | Farm |
| 18:08 | Queue | Villager (Male) |
| 18:20 | Queue | Villager (Male) |
| 18:21 | Build | Farm |
| 18:25 | Queue | Villager (Male) |
| 18:27 | Build | House |
| 18:51 | Queue | Villager (Male) |
| 18:53 | Build | House |
| 19:00 | Build | Mining Camp |
| 19:36 | Queue | Villager (Male) |
| 19:38 | Build | Farm |
| 19:49 | Queue | Villager (Male) |
| 20:05 | Queue | Villager (Male) |
| 20:20 | Build | Watch Tower |
| 20:25 | Queue | Villager (Male) |
| 20:32 | Build | Outpost |
| 20:51 | Queue | Villager (Male) |
| 20:55 | Queue | Villager (Male) |
| 21:12 | Build | Watch Tower |
| 21:19 | Queue | Villager (Male) |
| 21:21 | Build | Farm |
| 22:01 | Queue | Villager (Male) |
| 22:07 | Queue | Villager (Male) |
| 22:08 | Build | Farm |
| 22:09 | Build | Farm |
| 22:26 | Queue | Villager (Male) |
| 22:34 | Research | Wheelbarrow |
| 22:37 | Build | Farm |
Match timeline
| 4:30 | dlms9 · first_building Barracks |
| 7:13 | dlms9 · wall_segment Palisade Wall x4 |
| 7:17 | dlms9 · wall_segment Palisade Wall x10 |
| 7:31 | Markof · wall_segment Palisade Wall x1 |
| 7:32 | Markof · wall_segment Palisade Wall x1 |
| 7:35 | Markof · wall_segment Palisade Wall x1 |
| 7:37 | Markof · wall_segment Palisade Wall x1 |
| 7:39 | Markof · wall_segment Palisade Wall x1 |
| 7:40 | Markof · wall_segment Palisade Wall x1 |
| 7:41 | Markof · wall_segment Palisade Wall x1 |
| 8:01 | Markof · wall_segment Palisade Wall x1 |
| 8:10 | dlms9 · wall_segment Palisade Wall x6 |
| 8:11 | dlms9 · wall_segment Palisade Wall x10 |
| 8:17 | dlms9 · wall_segment Palisade Wall x7 |
| 9:00 | Markof · age_up feudal |
| 10:23 | Markof · wall_segment Stone Wall x1 |
| 10:25 | Markof · wall_segment Stone Wall x1 |
| 10:27 | Markof · wall_segment Palisade Wall x1 |
| 10:48 | dlms9 · wall_segment Palisade Wall x1 |
| 11:11 | Markof · wall_segment Palisade Wall x1 |
| 11:12 | dlms9 · wall_segment Palisade Wall x1 |
| 11:14 | Markof · wall_segment Palisade Wall x1 |
| 11:16 | Markof · wall_segment Palisade Wall x1 |
| 12:02 | dlms9 · wall_segment Palisade Wall x5 |
| 12:05 | dlms9 · wall_segment Palisade Wall x1 |
| 12:06 | dlms9 · wall_segment Palisade Wall x1 |
| 12:17 | dlms9 · age_up feudal |
| 12:35 | dlms9 · wall_segment Stone Wall x3 |
| 12:41 | dlms9 · wall_segment Stone Wall x6 |
| 12:41 | dlms9 · wall_segment Stone Wall x1 |
| 12:53 | dlms9 · wall_segment Stone Wall x1 |
| 14:12 | dlms9 · wall_segment Palisade Wall x1 |
| 14:13 | dlms9 · wall_segment Palisade Wall x1 |
| 14:58 | dlms9 · wall_segment Palisade Wall x1 |
| 17:12 | Markof · wall_segment Palisade Wall x1 |
| 17:13 | Markof · wall_segment Palisade Wall x1 |
| 17:14 | Markof · wall_segment Palisade Wall x1 |
| 17:16 | Markof · wall_segment Palisade Wall x1 |
| 17:19 | Markof · wall_segment Palisade Wall x1 |
| 22:54 | dlms9 · resign |
[ AI ANALYSIS · 1 CREDIT ]
What really happened in this match?
Wolo.gg analyzes every decision: build order, eco, micro, common mistakes by bracket. Personalized analysis on WhatsApp or Discord in 30 seconds.
Civ guide
Spanish
Perfil
Jugador #4437805